cohdb
Replays
Latest Replays
All Replays
Popular Replays
Top Player Replays
Match Explorer
How It Works
Community
CoH3 Stats
Reddit
Sign in to upload your games and track your stats! →
Sign in with Steam
Match 41609573
Unlisted
Match 41609573
Overview
Messages
Build Orders
End
Selects Special Operations Battlegroup
Selects M29 Weasel Recon Vehicle
M29 Weasel Recon Vehicle
Construct Weapon Support Center
M1919 Machine Gun Team
M1919 Machine Gun Team
Mechanized Support Center
Bazooka Squad
Construct Motor Pool
Engineer Squad
Selects Raiding Flares
M8 Greyhound Armored Car
Improvised Armor
Designate Forward Repair Station
Construct Medical Station
Selects SSF Commando Squad
SSF Commando Squad
Raiding Flares
Improved M9 Bazooka Rockets
Selects Mark Vehicle
Raiding Flares
SSF Commando Squad
Silverstatic
GetSlaped
Trion
CHINESE DO NOT SPEAK ENGLISH
0
0
Comments
sign in to comment!
No comments posted yet!